 Dungeon Crawl Stone Soup version 0.22.1-1-ga44c0e5 (webtiles) character file.

280 Lavandula the Chopper (level 6, -1/76 HPs)
             Began as a Centaur Berserker on Nov 10, 2018.
             Was a Believer of Trog.
             Slain by a centaur skeleton (6 damage)
             ... on level 4 of the Dungeon.
             The game lasted 00:03:21 (664 turns).

Lavandula the Chopper (Centaur Berserker)            Turns: 664, Time: 00:03:23

Health: -1/76      AC:  4    Str: 30    XL:     6   Next: 5%
Magic:  6/6        EV:  9    Int:  6    God:    Trog [**....]
Gold:   43         SH:  0    Dex:  9    Spells: 5/5 levels left

rFire    . . .     SeeInvis .   a - +0 hand axe
rCold    . . .     Gourm    .   (no shield)
rNeg     . . .     Faith    .   b - +0 animal skin
rPois    .         Spirit   .   (no helmet)
rElec    .         Reflect  .   (no cloak)
rCorr    .         Harm     .   (no gloves)
MR       ++...     Rnd*Tele +   (no barding)
Stlth    ..........             (no amulet)
HPRegen  1.22/turn              d - ring of teleportation (curse)
MPRegen  0.10/turn              e - +4 ring of strength

@: berserking, lethally poisoned (-1 -> -2), regenerating, very quick
A: large, hooves 3, deformed body, speed 2, tough skin 3
a: Berserk, Trog's Hand, Renounce Religion


You were on level 4 of the Dungeon.
You worshipped Trog.
Trog was pleased with you.
You were very hungry.

You visited 1 branch of the dungeon, and saw 4 of its levels.

You collected 43 gold pieces.

Inventory:

Hand Weapons
 a - a +0 hand axe (weapon)
Armour
 b - a +0 animal skin (worn)
Jewellery
 d - a cursed ring of teleportation (left hand)
 e - a +4 ring of strength (right hand)
 f - an uncursed ring of ice
 h - an uncursed ring of stealth
Scrolls
 i - a scroll of teleportation
 k - a scroll of amnesia {unknown}
 m - a scroll of enchant armour {unknown}
Potions
 g - a potion of curing {unknown}
 j - 2 potions of haste {unknown}
 l - a potion of invisibility {unknown}
Comestibles
 c - 3 rations


   Skills:
 - Level 3.0 Fighting
 + Level 6.2 Axes
 - Level 1.3 Armour
 - Level 1.3 Dodging


You had 5 spell levels left.
You didn't know any spells.
Your spell library contained the following spells:

 Spells                   Type           Power        Failure   Level  Hunger
 Poisonous Vapours        Pois/Air       #.....       58%         2    ###....
 Conjure Flame            Conj/Fire      #.......     83%         3    ####...
 Mephitic Cloud           Conj/Pois/Air  #.......     83%         3    ####...
 Freezing Cloud           Conj/Ice/Air   #.........   100%        6    #######
 Ring of Flames           Chrm/Fire      #.........   100%        7    #######


Dungeon Overview and Level Annotations

Branches:
Dungeon (4/15)
 Temple: D:4-7

Altars:


Innate Abilities, Weirdness & Mutations

You have hooves in place of feet.
Armour fits poorly on your strangely shaped body.
You cover ground very quickly.
You have extremely tough skin. (AC +3)


Message History

You slash the centaur skeleton!
You hit the worker ant but do no damage.
The centaur skeleton hits you.
* * * LOW HITPOINT WARNING * * *
Menkaure hits you!
* * * LOW HITPOINT WARNING * * *
The worker ant completely misses you.
You slash Menkaure! You kick Menkaure.
You destroy Menkaure!
Trog accepts your kill.
Trog appreciates your killing of a magic user.
Your Axes skill increases to level 6!
You have reached level 6!
Your experience leads to an increase in your attributes!
Your base attributes are Str 20, Int 6, Dex 9.
Increase (S)trength, (I)ntelligence, or (D)exterity?
You feel stronger.
You slash the centaur skeleton! You closely miss the worker ant.
The centaur skeleton hits you.
You die...

###..#
#....#
##....#
#.....#
#....#
#.aM.#
#..###
#.########+
#.a@Z......
#..........
#..........
####+######
##...##
##.....##
#.......#
#.......#
#.......#


You could see a worker ant and a centaur skeleton.

Vanquished Creatures
  Menkaure (D:4)
  A phantom (D:4)
  2 adders
  An adder skeleton (D:4)
  A worm (D:3)
  A leopard gecko (D:2)
  A giant cockroach (D:3)
  6 goblins
  2 hobgoblins
  4 jackals (D:3)
  2 quokkas (D:2)
  A ball python (D:1)
  5 bats
  2 frilled lizards
  2 kobolds
  20 rats
52 creatures vanquished.

Notes
Turn   | Place    | Note
-------+----------+-------------------------------------------
     0 | D:1      | Lavandula the Centaur Berserker began the quest for the
                  | Orb.
     0 | D:1      | Reached XP level 1. HP: 19/19 MP: 1/1
    78 | D:1      | Reached skill level 3 in Axes
   129 | D:2      | Reached XP level 2. HP: 26/26 MP: 2/2
   195 | D:2      | Reached XP level 3. HP: 22/31 MP: 3/3
   200 | D:2      | Reached ** piety under Trog
   275 | D:3      | Reached skill level 4 in Axes
   588 | D:3      | Reached XP level 4. HP: 15/38 MP: 4/4
   600 | D:4      | Noticed a phantom
   605 | D:4      | Killed a phantom
   605 | D:4      | Reached skill level 5 in Axes
   605 | D:4      | Reached XP level 5. HP: 23/45 MP: 5/5
   651 | D:4      | Noticed Menkaure
   663 | D:4      | HP: 3/67 [Menkaure (11)]
   664 | D:4      | Killed Menkaure
   664 | D:4      | Reached skill level 6 in Axes
   664 | D:4      | Reached XP level 6. HP: 4/51 MP: 6/6
   664 | D:4      | Slain by a centaur skeleton

Skill      XL: |  1  2  3  4  5 |
---------------+----------------+-----
Axes           | 3 4 5 6 |  6.2
Fighting       | |  3.0
Armour         | |  1.3
Dodging        | |  1.3

Action                   |  1- 3 |  4- 6 || total
-------------------------+-------+-------++-------
Melee: Hand axe          |    95 |    17 ||   112
       Kick              |    15 |     6 ||    21
Invok: Berserk           |     1 |     2 ||     3
       Trog's Hand       |       |     1 ||     1
  Use: Scroll            |       |     1 ||     1
  Eat: Chunk             |       |     1 ||     1
Armor: Animal skin       |    36 |     4 ||    40
Dodge: Dodged            |    39 |    12 ||    51
